 Dungeon Crawl Stone Soup version 0.29-a0-266-gf56f883ddd (webtiles) character file.

Game seed: 13320972674786933836

2593 sokol815 the Unseen (level 9, 0/48 HPs)
             Began as a Kobold Brigand on Mar 6, 2022.
             Was a Follower of Dithmenos.
             Slain by a gnoll sergeant
             ... wielding a +0 hand axe
              (7 damage)
             ... on level 7 of the Dungeon.
             The game lasted 00:20:32 (8656 turns).

sokol815 the Unseen (Kobold Brigand)                Turns: 8656, Time: 00:20:33

Health: 0/48       AC:  7    Str:  8    XL:     9   Next: 89%
Magic:  9/9        EV: 14    Int: 19    God:    Dithmenos [*.....]
Gold:   347        SH:  0    Dex: 20    Spells: 8/8 levels left

rFire   . . .      SeeInvis +   a - +1 dagger (vamp)
rCold   + . .      Faith    .   (no shield)
rNeg    . . .      Spirit   .   w - +0 steam dragon scales
rPois   .          Reflect  .   (no helmet)
rElec   .          Harm     .   c - +0 cloak
rCorr   +          Rampage  .   h - +0 pair of gloves
Will    .....                   (no boots)
Stlth   +++++++++.              (no amulet)
HPRegen 0.16/turn               u - ring of Poghec {rC+ rCorr Slay+4 SInv}
MPRegen 0.11/turn               n - ring of the Forgotten Stories {Drain rCorr Int+6 Slay+4}

@: about to teleport, wreathed by umbra
A: small, no large weapons, nightstalker 3
a: Renounce Religion


You were on level 7 of the Dungeon.
You worshipped Dithmenos.
Dithmenos was aware of your devotion.
You visited 1 branch of the dungeon, and saw 7 of its levels.

You collected 407 gold pieces.
You spent 60 gold pieces at shops.

Inventory:

Hand Weapons
 a - a +1 vampiric dagger (weapon)
   (You took it off an orc priest on level 7 of the Dungeon)
 b - a +3 dagger
   (You took it off an orc wizard on level 7 of the Dungeon)
 j - a +1 mace of draining
   (You found it on level 3 of the Dungeon)
 m - a +4 quarterstaff of chaos
   (You took it off Crazy Yiuf on level 3 of the Dungeon)
 o - a +1 short sword of holy wrath
   (You took it off a kobold on level 7 of the Dungeon)
 t - a +1 whip of electrocution
   (You took it off an orc on level 5 of the Dungeon)
Missiles
 d - 34 poisoned darts
 g - a boomerang
 k - 2 throwing nets {!d}
 l - 3 curare-tipped darts
 s - 212 stones
Armour
 c - a +0 cloak (worn)
 h - a +0 pair of gloves (worn)
   (You found it on level 3 of the Dungeon)
 w - +0 steam dragon scales (worn)
   (You found it on level 7 of the Dungeon)
Magical Staves
 r - a staff of earth
   (You found it on level 2 of the Dungeon)
Jewellery
 i - a +6 ring of strength
   (You found it on level 6 of the Dungeon)
 n - the ring of the Forgotten Stories (right hand) {Drain rCorr Int+6 Slay+4}
   (You found it on level 5 of the Dungeon)

   [ring of slaying]

   Int:       It affects your intelligence (+6).
   Slay:      It affects your accuracy & damage with ranged weapons and melee
   (+4).
   rCorr:     It protects you from acid and corrosion.
   Drain:     It drains your maximum health when unequipped.
 u - the ring of Poghec (left hand) {rC+ rCorr Slay+4 SInv}
   (You acquired it on level 7 of the Dungeon)

   [ring of slaying]

   Slay:      It affects your accuracy & damage with ranged weapons and melee
   (+4).
   rC:        It protects you from cold.
   SInv:      It lets you see invisible.
   rCorr:     It protects you from acid and corrosion.
 z - the ring of the Barracuda {rPois rC- Str+4 Dex+2}
   (You found it on level 6 of the Dungeon)

   [ring of poison resistance]

   Str:       It affects your strength (+4).
   Dex:       It affects your dexterity (+2).
   rC:        It makes you vulnerable to cold.
   rPois:     It protects you from poison.
 P - a ring of poison resistance {rPois, !d}
   (You found it on level 6 of the Dungeon)
Wands
 e - a wand of charming (4)
   (You found it on level 5 of the Dungeon)
 q - a wand of flame (17)
   (You took it off Ijyb on level 3 of the Dungeon)
Scrolls
 p - a scroll of amnesia
 V - a scroll of vulnerability {!r!r}
 X - a scroll of magic mapping {@r4!r}
 Y - 3 scrolls of teleportation {@r3}
Potions
 f - 4 potions of attraction {!q}
 G - a potion of ambrosia {!q}
 I - 2 potions of invisibility
 J - 3 potions of curing {@q1}
 L - 2 potions of flight
 N - a potion of heal wounds {@q2}
 R - a potion of resistance
 U - a potion of mutation {!q}


   Skills:
 + Level 2.2 Fighting
 - Level 10.0 Short Blades
 - Level 2.1 Throwing
 + Level 1.2 Dodging
 + Level 15.3 Stealth


You had 8 spell levels left.
You didn't know any spells.
Your spell library contained the following spells:

 Spells                   Type           Power      Damage    Failure   Level
 Beastly Appendage        Tmut           0%         N/A       21%         1
 Magic Dart               Conj           0%         1d3       21%         1
 Blink                    Tloc           0%         N/A       30%         2
 Searing Ray              Conj           0%         2d4       30%         2
 Wereblood                Tmut           0%         N/A       30%         2
 Lesser Beckoning         Tloc           0%         N/A       52%         3
 Spider Form              Tmut/Pois      0%         N/A       52%         3
 Fulminant Prism          Conj/Hex       0%         3d6       90%         4
 Manifold Assault         Tloc           0%         N/A       99%         5


Dungeon Overview and Level Annotations

Branches:
Dungeon (7/15)             Temple (0/1) D:7

Altars:
Dithmenos
Hepliaklqana
Yredelemnul
The Shining One

Shops:
D:2 !   D:3 (

Annotations:
D:4 Dowan, Duvessa, Sigmund


Innate Abilities, Weirdness & Mutations

You are small and have problems with some larger weapons.
You are completely attuned to the shadows.


Message History

You hit the hobgoblin. The hobgoblin barely misses you.
You hit the hobgoblin.
You kill the hobgoblin!
Dithmenos accepts your kill.
No target in view!
A kobold comes into view. It is wielding a +0 club.
The kobold moves out of view.
You now have 347 gold pieces (gained 3).
There is a large open door here.
There is a large open door here.
A gnoll is nearby!
A kobold, a gnoll, a gnoll shaman and a hobgoblin come into view.
The gnoll shaman is wielding a +1 whip of freezing.
The gnoll shouts!
You hear a shout!
The gnoll shouts!
You hear a shout! x2
The gnoll shaman shouts!
The kobold shouts!
The gnoll closely misses you.
There is a large open door here.
The kobold shouts!
You puncture the gnoll!
An orc priest comes into view. It is wielding a +0 mace.
The gnoll hits you with a +0 spear.
You take 1 damage, and have 47/48 hp.
You hit the gnoll.
You feel better.
You kill the gnoll!
Dithmenos accepts your kill.
Health restored: 48 Unknown command.
A kobold comes into view. It is wielding a +0 dagger.
There is an open door here.
The kobold shouts!
You hit the kobold.
You kill the kobold!
Dithmenos accepts your kill.
You hear a shout! x2
A gnoll sergeant comes into view. It is wielding a +0 hand axe.
The gnoll attacks as you move away! The gnoll hits you but does no damage.
There is an open gate here.
A kobold brigand comes into view.
It is wielding a +0 dagger and quivering poisoned darts.
The kobold brigand throws a poisoned dart.
The poisoned dart hits you!
You are poisoned.
You feel sick. The gnoll sergeant barely misses you.
You take 2 damage, and have 46/48 hp.
You feel sick.
The kobold brigand hits you with a +0 dagger.
You take 6 damage, and have 40/48 hp.
The kobold brigand attacks as you move away!
The kobold brigand completely misses you.
You feel sick.
The kobold brigand attacks as you move away!
The kobold brigand hits you with a +0 dagger.
You feel sick.
You see here a +0 shortbow.
You take 6 damage, and have 34/48 hp.
The gnoll attacks as you move away! The gnoll hits you but does no damage.
You feel sick.
You take 1 damage, and have 33/48 hp.
The gnoll attacks as you move away! The gnoll hits you with a +0 flail.
You feel sick.
You take 2 damage, and have 31/48 hp.
You feel sick.
You are no longer poisoned.
The gnoll sergeant barely misses you.
You take 1 damage, and have 30/48 hp.
The gnoll sergeant attacks as you move away!
The gnoll sergeant hits you with a +0 hand axe.
You take 2 damage, and have 28/48 hp.
Okay, then.
You are too injured to fight recklessly!
You are too injured to fight recklessly!
You are too injured to fight recklessly!
You are too injured to fight recklessly!
You barely miss the gnoll sergeant. You hit the gnoll sergeant.
You feel better.
The gnoll sergeant hits you but does no damage.
You regained 2 hp, and now have 31/48 hp.
You puncture the gnoll sergeant! You closely miss the gnoll sergeant.
The gnoll sergeant hits you with a +0 hand axe.
You take 6 damage, and have 25/48 hp.
You closely miss the gnoll sergeant. You hit the gnoll sergeant.
The gnoll sergeant misses you. The kobold hits you with a +0 club.
You take 4 damage, and have 21/48 hp.
You hit the gnoll sergeant.
You feel better.
You hit the gnoll sergeant.
You feel better.
The gnoll sergeant hits you with a +0 hand axe!
* * * LOW HITPOINT WARNING * * *
The kobold misses you.
You take 9 damage, and have 13/48 hp.
You hit the gnoll sergeant but do no damage.
You hit the gnoll sergeant.
You feel better. The gnoll sergeant closely misses you.
The kobold completely misses you. The gnoll hits you with a +0 flail!
* * * LOW HITPOINT WARNING * * *
You take 6 damage, and have 7/48 hp.
As you read the scroll of teleportation {@r3}, it crumbles to dust.
You feel strangely unstable.
The gnoll sergeant hits you with a +0 hand axe!
You die...

#.........##.........
#.........##.###.####
#.........##.# ....##.
#.........##.# ..#.#..
#.........##.#####.....
..........##..........P ..#
..........#######.....♣ #######
..........# #gK......♣#.....#
.###.###..# #@#...♣..♣#.....#
..........######g#...... #.....#
#.##.........##.K.gK..♣######''#
#..#.........##...)....'....'..#
##.#.........##........'.>).#g.#
#...........##......).'....#..#
##..........####......######g.#
###..........# ##....♣# #Ko#
..)..........# #..♣.♣ ....#..#


You could see a kobold brigand, a gnoll sergeant, a gnoll and a kobold.

Vanquished Creatures
  A hornet (D:7)
  A steam dragon (D:7)
  An orc warrior (D:7)
  2 ice beasts
  3 sky beasts
  2 black bears
  An ogre (D:4)
  A centaur (D:7)
  2 phantoms
  A necrophage (D:5)
  A kobold brigand (D:7)
  5 killer bees (D:7)
  3 howler monkeys
  A jelly (D:7)
  2 gnoll shamans (D:7)
  3 orc priests
  5 hounds
  Crazy Yiuf (D:3)
  Ijyb (D:3)
  2 iguanas
  4 orc wizards
  4 adders
  2 gnolls (D:7)
  A white imp (D:5)
  5 worms
  6 dart slugs
  22 orcs
  10 ball pythons
  10 endoplasms
  12 giant cockroaches
  6 goblins
  10 hobgoblins
  8 kobolds
  4 quokkas
  6 bats
  2 frilled lizards
  2 rats
153 creatures vanquished.

Vanquished Creatures (others)
  An orc wizard (D:7)
  A fungus (D:3)
  41 plants (D:7)
43 creatures vanquished.

Grand Total: 196 creatures vanquished

Notes
Turn   | Place    | Note
-------+----------+-------------------------------------------
     0 | D:1      | sokol815 the Kobold Brigand began the quest for the Orb.
     0 | D:1      | Reached XP level 1. HP: 12/12 MP: 1/1
   159 | D:1      | Reached skill level 3 in Short Blades
   269 | D:1      | Reached XP level 2. HP: 17/17 MP: 2/2
   448 | D:1      | Reached XP level 3. HP: 18/21 MP: 3/3
   453 | D:1      | Reached skill level 6 in Stealth
   970 | D:2      | Reached skill level 4 in Short Blades
  1171 | D:2      | HP: 5/21 [worm (9)]
  1428 | D:2      | Found a faded altar of an unknown god.
  1498 | D:2      | Reached XP level 4. HP: 26/26 MP: 4/4
  1584 | D:2      | Found Pyclit's Distillery.
  1590 | D:2      | Bought a potion of degeneration for 10 gold pieces
  1590 | D:2      | Bought a potion of heal wounds for 50 gold pieces
  1893 | D:3      | Noticed Ijyb
  1908 | D:3      | Killed Ijyb
  2138 | D:3      | Reached XP level 5. HP: 27/30 MP: 5/5
  2166 | D:3      | Found Poyxer's Antique Weapon Boutique.
  2219 | D:3      | Reached skill level 7 in Stealth
  2233 | D:3      | You fall into a shaft and drop 3 floors!
  2240 | D:6      | Noticed a phantom
  2256 | D:6      | Reached skill level 5 in Short Blades
  2278 | D:5      | Entered Level 5 of the Dungeon
  2278 | D:5      | Noticed a phantom
  2378 | D:5      | Reached XP level 6. HP: 10/35 MP: 6/6
  2694 | D:3      | Reached skill level 6 in Short Blades
  2694 | D:3      | Reached skill level 8 in Stealth
  2788 | D:3      | HP: 7/35 [worm (10)]
  4481 | D:3      | Found a runed translucent door.
  4484 | D:3      | Noticed Crazy Yiuf
  4489 | D:3      | Killed Crazy Yiuf
  4583 | D:4      | Noticed an ogre
  4595 | D:4      | Noticed Duvessa
  4595 | D:4      | Noticed Dowan
  4602 | D:4      | Noticed Sigmund
  4639 | D:5      | Identified the ring of the Forgotten Stories {Drain rCorr
                  | Int+6 Slay+4}
  4645 | D:5      | Reached XP level 7. HP: 40/40 MP: 7/7
  4680 | D:5      | Reached skill level 7 in Short Blades
  4680 | D:5      | Reached skill level 9 in Stealth
  5078 | D:5      | Reached skill level 8 in Short Blades
  5078 | D:5      | Reached XP level 8. HP: 44/44 MP: 8/8
  5088 | D:5      | Found a glowing golden altar of the Shining One.
  5305 | D:5      | Reached skill level 10 in Stealth
  5338 | D:4      | Found a shadowy altar of Dithmenos.
  5339 | D:4      | Found a hazy altar of Hepliaklqana.
  5339 | D:4      | Noticed a shadow
  5349 | D:4      | Became a worshipper of Dithmenos the Shadowed
  6058 | D:6      | Reached skill level 9 in Short Blades
  6494 | D:6      | Reached skill level 11 in Stealth
  6571 | D:6      | Identified the ring of the Barracuda {rPois rC- Str+4
                  | Dex+2}
  7283 | D:7      | Noticed a hornet
  7288 | D:7      | Killed a hornet
  7289 | D:7      | Reached skill level 10 in Short Blades
  7289 | D:7      | Reached skill level 12 in Stealth
  7289 | D:7      | Reached XP level 9. HP: 48/48 MP: 9/9
  7544 | D:7      | Identified a scroll of acquirement
  7544 | D:7      | Acquired the ring of Poghec {rC+ rCorr Slay+4 SInv}
  7612 | D:7      | Reached skill level 13 in Stealth
  7666 | D:7      | Found a basalt altar of Yredelemnul.
  7800 | D:7      | Reached skill level 14 in Stealth
  7946 | D:7      | Reached * piety under Dithmenos
  8047 | D:7      | Found a staircase to the Ecumenical Temple.
  8422 | D:7      | Reached skill level 15 in Stealth
  8655 | D:7      | HP: 7/48 [gnoll/+0 flail (9)]
  8656 | D:7      | Slain by a gnoll sergeant

Illustrated notes

Levels and vault maps discovered:
D:1:      wheals_arrival_linesprint, layout_loops_cross
D:2:      minmay_roachtagon, layout_basic, ebering_ecumenical_altar_sacrificial,
          serial_shops, nicolae_shop_temple_entry_statues_fountains
D:3:      layout_basic, serial_shops, shop, minmay_liquid_box,
          uniq_crazy_yiuf_cottage, uniq_ijyb
D:4:      layout_cave_pools, riverfiend_overflow_shadow_ancestor, uniq_sigmund,
          uniq_pikel, uniq_duvessa
D:5:      layout_basic, lemuel_doored_altar
D:6:      layout_basic
D:7:      kennysheep_housing_project, layout_basic, yredelemnul_altar_generic,
          minmay_temple_entry_grid

Skill      XL: |  1  2  3  4  5  6  7  8  9 |
---------------+----------------------------+-----
Short Blades   | 3 4 5 6 8 10 | 10.0
Stealth        | 6 7 8 9 12 15 | 15.3
Fighting       | |  2.2
Throwing       | |  2.1
Dodging        | |  1.2

Action                   |  1- 3 |  4- 6 |  7- 9 || total
-------------------------+-------+-------+-------++-------
Melee: Dagger            |    91 |   189 |   265 ||   545
       Punch             |     1 |     2 |     2 ||     5
Throw: Stone             |     1 |       |       ||     1
       Dart              |       |     5 |       ||     5
Evoke: Wand              |       |     1 |       ||     1
  Use: Scroll            |     3 |     3 |    13 ||    19
       Potion            |       |       |     2 ||     2
 Stab: Sleeping          |    15 |    31 |    15 ||    61
       Distracted        |       |     2 |     2 ||     4
       Invisible         |       |       |     3 ||     3
Armor: Robe              |    15 |    36 |    12 ||    63
       Steam dragon scal |       |       |    23 ||    23
Dodge: Dodged            |    48 |    78 |   140 ||   266

Table legend: (Time is in decaauts)
 A = Elapsed time spent in this place.
 B = Non-inter-level travel time spent in this place.
 C = Inter-level travel time spent in this place.
 D = Time resting spent in this place.
 E = Time spent auto-exploring this place.
 F = Levels seen in this place.
 G = Mean time per level.
                   A        B        C        D        E       F      G
               +--------+--------+--------+--------+--------+-----+--------+
         Total |   8460 |   8212 |    248 |   1809 |   4998 |   7 | 1208.6 |
       Dungeon |   8460 |   8212 |    248 |   1809 |   4998 |   7 | 1208.6 |
               +--------+--------+--------+--------+--------+-----+--------+

Top non-repeatable levels by time:
     D:3: 1816 daAuts
     D:2: 1502 daAuts
     D:7: 1365 daAuts
     D:6: 1310 daAuts
     D:5: 1224 daAuts
     D:1: 916 daAuts
     D:4: 323 daAuts

Table legend:
 A = Kills in this place as a percentage of kills in entire the game.
 B = Kills by you in this place as a percentage of kills by you in the entire game.
 C = Kills by friends in this place as a percentage of kills by friends in the entire game.
 D = Other kills in this place as a percentage of other kills in the entire game.
 E = Experience gained in this place as a percentage of experience gained in the entire game.
 F = Experience gained in this place divided by the number of levels of this place that you have seen.
                   A       B       C       D       E      F
               +-------+-------+-------+-------+-------+----------------------
         Total | 100.0 | 100.0 |   N/A | 100.0 | 100.0 | 529.3
       Dungeon | 100.0 | 100.0 |   N/A | 100.0 | 100.0 | 529.3
               +-------+-------+-------+-------+-------+----------------------
